 Dungeon Crawl Stone Soup version 0.19.1-1-g22dce08 (console) character file.

968 shas the Ruffian (level 7, -2/67 HPs)
             Began as a Troll Berserker on Jan 16, 2017.
             Was a Priest of Trog.
             Slain by Duvessa
             ... wielding a +0 rapier
              (8 damage)
             ... on level 4 of the Dungeon.
             The game lasted 00:22:53 (3131 turns).

shas the Ruffian (Troll Berserker)                  Turns: 3131, Time: 00:22:53

Health: -2/67      AC:  5    Str: 28    XL:     7   Next: 93%
Magic:  6/6        EV: 11    Int:  3    God:    Trog [***...]
Gold:   358        SH:  0    Dex:  9    Spells: 0 memorised, 6 levels left

rFire  . . .     SeeInvis .       - Unarmed
rCold  + . .     Gourm    +     a - +0 animal skin
rNeg   . . .     Faith    .     (no shield)
rPois  .         Spirit   .     (helmet restricted)
rElec  .         Reflect  .     (no cloak)
rCorr  .         Harm     .     (gloves unavailable)
MR     ++...                    (boots unavailable)
Stlth  +.........               (no amulet)
                                (no ring)
                                f - ring of protection from cold

@: lethally poisoned (-2 -> -2), regenerating
A: unfitting armour, claws 3, fast metabolism 3, gourmand, regeneration 1,
shaggy fur 1, tough skin 2
a: Berserk, Trog's Hand, Burn Spellbooks, Renounce Religion


You were on level 4 of the Dungeon.
You worshipped Trog.
Trog was most pleased with you.
You were very full.

You visited 1 branch of the dungeon, and saw 4 of its levels.
You also visited: Ossuary.

You collected 358 gold pieces.

Inventory:

Hand Weapons
 l - a +2 war axe of flaming
 v - a +2 flail of holy wrath
Armour
 a - a +0 animal skin (worn)
Jewellery
 f - a ring of protection from cold (left claw)
Wands
 n - a wand of random effects (29/48)
Scrolls
 e - 3 scrolls of immolation {unknown}
 g - 6 scrolls of identify {unknown}
 i - a scroll of amnesia {unknown}
 j - 5 scrolls of blinking {unknown}
 m - a scroll of recharging {unknown}
 o - 5 scrolls of teleportation {unknown}
 r - a scroll of remove curse {unknown}
 s - a scroll of random uselessness {unknown}
 t - 2 scrolls of noise {unknown}
 y - a scroll of fog {unknown}
Potions
 c - 3 potions of invisibility
 h - 4 potions of might
 p - a potion of ambrosia {unknown}
 q - 4 potions of curing {unknown}
 u - a potion of degeneration {unknown}
 w - 3 potions of cure mutation {unknown}
 x - a potion of mutation {unknown}
 z - a potion of berserk rage {unknown}
 A - a potion of magic {unknown}
 B - a potion of lignification {unknown}
 E - a potion of heal wounds {unknown}
Comestibles
 b - 5 bread rations
 d - 2 meat rations
 k - 2 fruits
 D - a beef jerky


   Skills:
 + Level 3.5 Fighting
 + Level 4.6 Dodging
 + Level 0.4 Stealth
 + Level 7.6 Unarmed Combat


You had 6 spell levels left.
You didn't know any spells.

Dungeon Overview and Level Annotations

Branches:
Dungeon (4/15)
 Temple: D:4-7

Altars:
Ashenzari
Cheibriados
Hepliaklqana
Nemelex Xobeh

Annotations:
D:4 Duvessa


Innate Abilities, Weirdness & Mutations

You are too large for most types of armour.
You have claws for hands.
Your metabolism is lightning-fast.
You like to eat raw meat.
Your natural rate of healing is unusually fast.
You are covered in fur. (AC +1)
You have very tough skin. (AC +2)


Message History

You scratch Duvessa.
Duvessa is lightly wounded.
Duvessa barely misses you.
You claw Duvessa!
Duvessa is moderately wounded.
You feel sick. Duvessa hits you with a rapier!!
You scratch Duvessa.
Duvessa is heavily wounded.
Duvessa hits you with a rapier!
* * * LOW HITPOINT WARNING * * *
Duvessa hits you with a rapier.
* * * LOW HITPOINT WARNING * * *
You mangle Duvessa!! You claw Duvessa.
Duvessa is almost dead.
You feel sick. Duvessa hits you with a rapier.
* * * LOW HITPOINT WARNING * * *
Your skin crawls.
You feel resistant to hostile enchantments.
You feel quite a bit less full. Duvessa hits you with a rapier!
You die...

#.#
#.#
#.#
#.#
#.#
#.#
#.#
#.#
#.#
#.#
#.
#.#
#.#
#.#
#@#
#e#
#.#
#.#
..#
#.#
###


You could see Duvessa (berserk).

Vanquished Creatures
  The ghost of YrmMerkstave the Reanimator, a novice DDNe (Ossuary)
  A phantom (D:4)
  Blork the orc (D:4)
  Dowan (D:4)
  A howler monkey (D:4)
  2 hounds (D:4)
  2 orc priests
  An orc wizard (D:3)
  An iguana (D:4)
  A big kobold zombie (Ossuary)
  8 mummies (Ossuary)
  4 adders
  An ooze (D:3)
  A worm (D:2)
  A dart slug (D:3)
  3 leopard geckos
  14 orcs
  6 bats
  4 giant cockroaches
  3 goblins
  A hobgoblin (D:2)
  10 jackals
  12 kobolds
  5 quokkas
  2 ball pythons (D:2)
  3 frilled lizards
  2 gnoll zombies (Ossuary)
  A hobgoblin zombie (Ossuary)
  3 kobold zombies (Ossuary)
  An orc zombie (Ossuary)
  8 rats
105 creatures vanquished.

Vanquished Creatures (others)
  A bat (D:3)
1 creature vanquished.

Grand Total: 106 creatures vanquished

Notes
Turn   | Place    | Note
-------+----------+-------------------------------------------
     0 | D:1      | shas the Troll Berserker began the quest for the Orb.
     0 | D:1      | Reached XP level 1. HP: 22/22 MP: 0/0
   292 | D:1      | Reached XP level 2. HP: 29/29 MP: 1/1
   751 | D:2      | Reached XP level 3. HP: 36/36 MP: 2/2
  1270 | D:3      | Reached skill level 4 in Unarmed Combat
  1270 | D:3      | Reached XP level 4. HP: 14/44 MP: 3/3
  1276 | D:3      | Reached ** piety under Trog
  1411 | D:3      | Found a sparkling altar of Nemelex Xobeh.
  1533 | D:3      | Reached XP level 5. HP: 52/52 MP: 4/4
  1578 | D:3      | Found a snail-covered altar of Cheibriados.
  1901 | D:4      | Noticed Blork the orc
  1912 | D:4      | Killed Blork the orc
  1912 | D:4      | Reached skill level 5 in Unarmed Combat
  2003 | D:4      | Reached XP level 6. HP: 55/61 MP: 5/5
  2287 | D:4      | Found a sand-covered staircase.
  2292 | Ossuary  | Entered an ossuary
  2332 | Ossuary  | Reached skill level 6 in Unarmed Combat
  2345 | Ossuary  | Reached XP level 7. HP: 20/67 MP: 6/6
  2426 | Ossuary  | Noticed YrmMerkstave's ghost (novice DDNe)
  2432 | Ossuary  | Killed YrmMerkstave's ghost
  2432 | Ossuary  | Reached *** piety under Trog
  2432 | Ossuary  | Reached skill level 7 in Unarmed Combat
  2640 | D:4      | Found a hazy altar of Hepliaklqana.
  2929 | D:4      | Found a faded altar of an unknown god.
  2929 | D:4      | Found a faded altar of an unknown god.
  2935 | D:4      | Found a faded altar of an unknown god.
  2941 | D:4      | Found a shattered altar of Ashenzari.
  2942 | D:4      | Found a faded altar of an unknown god.
  3118 | D:4      | Noticed Dowan
  3119 | D:4      | Noticed Duvessa
  3125 | D:4      | Killed Dowan
  3131 | D:4      | Slain by Duvessa

Skill      XL: |  1  2  3  4  5  6  7 |
---------------+----------------------+-----
Dodging        | 3 4 |  4.6
Unarmed Combat | 4 5 6 7 |  7.6
Fighting       | 3 |  3.5
Stealth        | |  0.4

Action                   |  1- 3 |  4- 6 |  7- 9 || total
-------------------------+-------+-------+-------++-------
Melee: Unarmed           |   103 |   170 |    56 ||   329
       Punch             |     1 |     1 |     4 ||     6
Invok: Berserk           |     2 |       |       ||     2
       Trog's Hand       |       |     1 |     1 ||     2
  Use: Potion            |       |     3 |       ||     3
 Stab: Sleeping          |     1 |       |       ||     1
  Eat: Chunk             |    14 |    10 |     8 ||    32
       Bread ration      |     1 |       |       ||     1
Armor: Animal skin       |    51 |    41 |     6 ||    98
Dodge: Dodged            |    86 |    87 |    23 ||   196
